 Dungeon Crawl Stone Soup version 0.30-a0-591-g3c58d2bc28 (webtiles) character file.

Game seed: 15078359943545208736

1740 Citaku the Protected (level 8, -3/109 HPs)
             Began as a Minotaur Fighter on Jan 5, 2023.
             Was an Initiate of Trog.
             Slain by a yak (6 damage)
             ... on level 6 of the Dungeon.
             The game lasted 00:08:18 (4830 turns).

Citaku the Protected (Minotaur Fighter)             Turns: 4830, Time: 00:08:18

Health: -3/109     AC: 24    Str: 23    XL:     8   Next: 77%
Magic:  7/7        EV:  2    Int:  5    God:    Trog [......]
Gold:   373        SH:  3    Dex: 10    Spells: 7/7 levels left

rFire   . . .      SeeInvis .    a - +0 war axe
rCold   . . .      Faith    .    c - +0 buckler
rNeg    . . .      Spirit   .    (body armour currently unavailable)
rPois   +          Reflect  .    (helmet currently unavailable)
rElec   .          Harm     .    (cloak currently unavailable)
rCorr   .          Rampage  .    (gloves currently unavailable)
Will    .....      NoTele   +    (boots currently unavailable)
Stlth   +                        (no amulet)
HPRegen 0.38/turn                (no ring)
MPRegen 0.10/turn                (no ring)

@: tree-form
A: stationary, stasis, torment immunity, boosted hp, (horns 2), (retaliatory
headbutt)
a: Renounce Religion


You were on level 6 of the Dungeon.
You worshipped Trog.
Trog was noncommittal.
You were a tree.
You visited 1 branch of the dungeon, and saw 6 of its levels.

You collected 373 gold pieces.

Inventory:

Hand Weapons
 a - a +0 war axe (weapon)
Armour
 b - a +0 scale mail (melded)
 c - a +0 buckler (worn)
 m - a +0 cloak (melded)
 n - a +0 pair of boots (melded)
Wands
 z - a wand of flame (27)
Scrolls
 g - 3 scrolls of noise {unknown}
 h - 8 scrolls of identify {unknown}
 j - a scroll of immolation {unknown}
 k - 4 scrolls of teleportation {unknown}
 o - 2 scrolls of blinking {unknown}
 u - a scroll of vulnerability {unknown}
 x - 2 scrolls of enchant weapon {unknown}
 y - a scroll of amnesia {unknown}
Potions
 d - a potion of curing {unknown}
 e - a potion of flight {unknown}
 f - 3 potions of attraction {unknown}
 i - a potion of experience {unknown}
 l - 2 potions of degeneration {unknown}
 p - 2 potions of cancellation {unknown}
 q - a potion of magic {unknown}
 r - 2 potions of ambrosia {unknown}
 s - a potion of brilliance {unknown}
 t - a potion of haste {unknown}
 v - a potion of lignification
 w - a potion of resistance {unknown}


   Skills:
 + Level 7.0(3.5) Fighting
 * Level 8.9(4.9) Axes
 * Level 9.3(5.3) Armour
 - Level 3.6(1.8) Shields


You had 7 spell levels left.
You didn't know any spells.
Your spell library contained the following spells:

 Spells                   Type           Power      Damage    Failure   Level
 Summon Ice Beast         Ice/Summ       0%         N/A       100%        4
 Summon Mana Viper        Hex/Summ       0%         N/A       100%        5
 Monstrous Menagerie      Summ           0%         N/A       100%        7


Dungeon Overview and Level Annotations

Branches:
Dungeon (6/15)             Temple (0/1) D:6

Altars:
Ashenzari
Dithmenos
Elyvilon
Gozag
Kikubaaqudgha
Nemelex Xobeh
Trog

Shops:
D:3 *

Annotations:
D:4 2 transporters, SeventhVestige's ghost, amateur HOFi


Innate Abilities, Weirdness & Mutations

You are a tree.
Your roots penetrate the ground, keeping you stationary.
You cannot be teleported.
You are immune to unholy pain and torment.
Your maximum health is greatly increased.
Your equipment is partially melded.
((You have a pair of horns on your head.))
((You reflexively headbutt those who attack you in melee.))


Message History

You don't know any spells.
It was a potion of lignification.
You turn into a tree.
Your +0 cloak melds into your body.
Your +0 pair of boots melds into your body.
Your +0 scale mail melds into your body.
Your roots penetrate the ground.
The yak gores you but does no damage. The yak gores you.
* * * LOW HITPOINT WARNING * * *
You barely miss the yak.
The yak is moderately wounded.
You slash the yak!
The yak gores you but does no damage. x4
You hit the yak but do no damage.
The yak is moderately wounded.
You hit the yak. The yak gores you!
* * * LOW HITPOINT WARNING * * *
You block the yak's attack.
You completely miss the yak.
The yak is moderately wounded.
You hit the yak but do no damage.
The yak gores you but does no damage. x2
You hit the yak.
The yak is moderately wounded.
You barely miss the yak. You block the yak's attack. The yak gores you.
* * * LOW HITPOINT WARNING * * *
You block the yak's attack. The yak gores you!
* * * LOW HITPOINT WARNING * * *
You slash the yak!
The yak is heavily wounded.
You barely miss the yak.
The yak gores you but does no damage. x2
You barely miss the yak.
The yak is heavily wounded.
You hit the yak. The yak gores you but does no damage.
The yak completely misses you.
You slash the yak!
The yak is almost dead.
You hit the yak.
The yak gores you but does no damage. x2
You hit the yak.
The yak is almost dead.
You hit the yak but do no damage. The yak completely misses you.
The yak gores you but does no damage. x2; The yak gores you.
You die...

######.~~...~~~.
≈≈≈≈≈≈~~~~P.~~~.~P≈.
≈≈≈≈≈≈≈≈≈≈≈~~~~~~≈≈≈≈
#≈≈≈≈~~~≈≈≈≈≈≈≈≈~~~≈≈≈
####~~..~≈P~~~~≈.~≈P~≈≈
##..~~....~.....P~P~~~≈~
#.......... .......~.
..###....# ###†Y......
.........# #.Y♣#
.........#####.###
...............#
..##....##.#####
#.##.##.##.#
.........#.#
...........#
..⌠...⌠..#.#
.........#.#


You could see 2 yaks.

Vanquished Creatures
  Grinder (D:3)
  A yak (D:6)
  An ice beast (D:4)
  4 black bears
  2 ogres
  A centaur (D:5)
  A necrophage (D:4)
  A scorpion (D:5)
  A howler monkey (D:4)
  A jelly (D:5)
  4 hounds
  3 orc priests
  2 iguanas (D:6)
  2 orc wizards
  Robin (D:2)
  6 adders
  A gnoll (D:2)
  2 shadow imps
  A white imp (D:5)
  4 ufetubi (D:5)
  A worm (D:2)
  2 dart slugs (D:3)
  16 orcs
  5 ball pythons
  6 bats
  5 endoplasms
  A giant cockroach (D:3)
  12 goblins
  7 hobgoblins
  4 jackals
  2 quokkas (D:1)
  3 frilled lizards
  3 kobolds
  4 rats
111 creatures vanquished.

Vanquished Creatures (others)
  5 plants (D:4)
5 creatures vanquished.

Grand Total: 116 creatures vanquished

Notes
Turn   | Place    | Note
-------+----------+-------------------------------------------
     0 | D:1      | Citaku the Minotaur Fighter began the quest for the Orb.
     0 | D:1      | Reached XP level 1. HP: 19/19 MP: 0/0
   185 | D:1      | Reached XP level 2. HP: 25/27 MP: 1/1
   208 | D:1      | Reached skill level 4 in Armour
   698 | D:2      | Reached XP level 3. HP: 33/33 MP: 2/2
   849 | D:2      | Found a faded altar of an unknown god.
   852 | D:2      | Noticed Robin
   861 | D:2      | Killed Robin
  1033 | D:2      | Reached XP level 4. HP: 40/40 MP: 3/3
  1446 | D:3      | Reached skill level 5 in Armour
  1486 | D:3      | Noticed Grinder
  1493 | D:3      | Paralysed by something for 5 turns
  1500 | D:3      | Killed Grinder
  1501 | D:3      | Reached skill level 5 in Axes
  1501 | D:3      | Reached skill level 6 in Armour
  1501 | D:3      | Reached XP level 5. HP: 5/47 MP: 4/4
  1501 | D:3      | Reached XP level 6. HP: 6/55 MP: 5/5
  2001 | D:3      | Found Zaatiate's Assorted Antiques.
  2131 | D:3      | Found a sparkling altar of Nemelex Xobeh.
  2213 | D:3      | Found a shadowy altar of Dithmenos.
  2310 | D:4      | Reached skill level 5 in Fighting
  2458 | D:4      | Found a transporter.
  2540 | D:4      | Noticed an ice beast
  2554 | D:4      | Killed an ice beast
  2555 | D:4      | Reached XP level 7. HP: 51/61 MP: 6/6
  2859 | D:4      | Found a transporter.
  2881 | D:4      | Noticed SeventhVestige's ghost (amateur HOFi)
  2973 | D:4      | Found an opulent altar of Gozag.
  3081 | D:5      | Entered Level 5 of the Dungeon
  3122 | D:5      | Reached skill level 7 in Armour
  3343 | D:5      | Found a broken altar of Ashenzari.
  3387 | D:5      | Became a worshipper of Ashenzari the Shackled
  3581 | D:5      | Reached skill level 8 in Armour
  3581 | D:5      | Reached XP level 8. HP: 70/70 MP: 7/7
  3619 | D:5      | Found a bloodstained altar of Trog.
  3648 | D:5      | Fell from the grace of Ashenzari
  3648 | D:5      | Became a worshipper of Trog the Wrathful
  3666 | D:5      | Found a white marble altar of Elyvilon.
  4538 | D:6      | Found an ancient bone altar of Kikubaaqudgha.
  4615 | D:6      | Reached skill level 9 in Armour
  4710 | D:6      | Found a staircase to the Ecumenical Temple.
  4826 | D:6      | HP: 1/109 [yak (9)]
  4830 | D:6      | Slain by a yak

Illustrated notes

Levels and vault maps discovered:
D:1:      nzn_arrival_water_spiral, layout_loops_ring
D:2:      layout_basic, dreamdust_ecumenical_altar_statues,
          ebering_dispersal_statue_hall, cheibrodos_gnoll_hut, uniq_robin
D:3:      layout_basic, nemelex_dance_club_becter, pf_just_have_faith,
          serial_shops, nicolae_shop_hallway_stairs, st_stairs_8, uniq_grinder
D:4:      layout_loops_ring, mainiacjoe_overflow_surrounded_room,
          gammafunk_ghost_gnarly_gnolls
D:5:      layout_basic, mainiacjoe_overflow_chevrons,
          cheibrodos_ashenzari_chains, mainiacjoe_overflow_paths,
          kennysheep_another_room, minmay_quadrilaterals
D:6:      layout_gridville, nicolae_overflow_crystal_walls,
          minmay_temple_entry_large_hall, chequers_big_river, kennysheep_path_1

Skill      XL: |  1  2  3  4  5  6  7  8 |
---------------+-------------------------+-----
Armour         | 4 6 8 9 |  9.3
Axes           | 3 5 6 7 8 |  8.9
Fighting       | 4 5 6 7 |  7.0
Shields        | |  3.6

Action                   |  1- 3 |  4- 6 |  7- 9 || total
-------------------------+-------+-------+-------++-------
Melee: War axe           |    43 |    91 |   121 ||   255
       Headbutt          |     3 |    16 |    23 ||    42
  Use: Potion            |     1 |       |     2 ||     3
Armor: Scale mail        |    27 |    44 |    93 ||   164
       Skin              |       |       |    14 ||    14
Dodge: Dodged            |    32 |    35 |    78 ||   145
Block: Buckler           |    16 |    15 |    23 ||    54

Table legend: (Time is in decaauts)
 A = Elapsed time spent in this place.
 B = Non-inter-level travel time spent in this place.
 C = Inter-level travel time spent in this place.
 D = Time resting spent in this place.
 E = Time spent auto-exploring this place.
 F = Levels seen in this place.
 G = Mean time per level.
                   A        B        C        D        E       F      G
               +--------+--------+--------+--------+--------+-----+--------+
         Total |   4907 |   4907 |      0 |    369 |   3436 |   6 |  817.8 |
       Dungeon |   4907 |   4907 |      0 |    369 |   3436 |   6 |  817.8 |
               +--------+--------+--------+--------+--------+-----+--------+

Top non-repeatable levels by time:
     D:5: 1292 daAuts
     D:3: 1049 daAuts
     D:4: 800 daAuts
     D:2: 679 daAuts
     D:1: 598 daAuts
     D:6: 487 daAuts
